 Dungeon Crawl Stone Soup version 0.27.1-3-gb3d3a73c9e (webtiles) character file.

Game seed: 17706500461371701129

52 pkoi the Ruffian (level 3, -6/36 HPs)
             Began as a Troll Monk on Oct 21, 2021.
             Mangled by an ogre (17 damage)
             ... on level 4 of the Dungeon.
             The game lasted 00:01:43 (1577 turns).

pkoi the Ruffian (Troll Monk)                       Turns: 1577, Time: 00:01:43

Health: -6/36      AC:  4    Str: 20    XL:     3   Next: 60%
Magic:  2/2        EV: 10    Int:  6    God:
Gold:   58         SH:  0    Dex: 12    Spells: 2/2 levels left

rFire    . . .     SeeInvis .     - Unarmed
rCold    . . .     Faith    .   (no shield)
rNeg     . . .     Spirit   .   a - +0 robe
rPois    .         Reflect  .   (helmet restricted)
rElec    .         Harm     .   (no cloak)
rCorr    .         Rampage  .   (gloves unavailable)
Will     .....                  (boots unavailable)
Stlth    ++........             (no amulet)
HPRegen  1.12/turn              (no ring)
MPRegen  0.08/turn              (no ring)

@: studying Shields
A: large, unfitting armour, claws 3, regeneration 1, shaggy fur 1, tough skin 1
a: no special abilities


You were on level 4 of the Dungeon.
You visited 1 branch of the dungeon, and saw 3 of its levels.

You collected 58 gold pieces.

Inventory:

Armour
 a - a +0 robe (worn)
Scrolls
 d - a scroll of identify
Potions
 c - a potion of resistance


   Skills:
 - Level 2.4 Fighting
 - Level 2.4 Dodging
 - Level 1.0 Stealth
 + Level 1.5 Shields
 * Level 4.4 Unarmed Combat


You had 2 spell levels left.
You didn't know any spells.
Your spell library was empty.

Dungeon Overview and Level Annotations

Branches:
Dungeon (2/15)

Altars:


Innate Abilities, Weirdness & Mutations

You are too large for most types of armour.
You have claws for hands.
Your natural rate of healing is unusually fast.
You are covered in fur. (AC +1)
You have tough skin. (AC +1)


Message History

The endoplasm hits you but does no damage.
You barely miss the endoplasm.
The endoplasm is heavily wounded.
The endoplasm freezes you.
You are frozen.
You claw the endoplasm!
You kill the endoplasm!
Okay, then.
As you read the scroll labelled SUPYXT YWKONAC, it crumbles to dust.
Wisps of shadow whirl around you...
It was a scroll of summoning.
The ogre hits you with a +0 giant club!
You swap places.
The ogre hits your adder with a +0 giant club!!
Your adder dies!
Your adder's corpse dissolves into shadows!
What are your orders? t - Shout!
Orders for allies: a - Attack new target. r - Retreat! s - Stop attacking. g - Guard the area. f - Follow me.
Anything else - Cancel.
Gang up on whom?
Press: ? - help, Dir - move target, f - ogre
Aim: an ogre, wielding a +0 giant club (ally target) Attack!
You swap places.
The ogre hits your hobgoblin with a +0 giant club!!
Your hobgoblin dies!
Your hobgoblin's corpse dissolves into shadows!
The ogre barely misses your worm.
Your worm completely misses the ogre.
The ogre hits your worm with a +0 giant club!
You swap places.
The ogre hits you with a +0 giant club!!
Ouch! That really hurt!
* * * LOW HITPOINT WARNING * * *
You claw the ogre!
The ogre is moderately wounded.
The ogre hits you with a +0 giant club!
You die...

#.......###."...
#.........#.....
#......#.#.....
#.......#.=...
#.#....g.O....
#.#g######....
#.##### #......#
#.... #....w#
##.....# #....
#.###@####g....#
#....
...#O#...h....#
#O...
#.#g#.h......#
#....
#.gh#).......#
#....
###....#.....#
#....
#?##.#######
#...$ #....#
#.... ......
...... ........
........


You could see an ogre (ally target), a jackal, a hobgoblin, a goblin and a
friendly worm (summoned).

Vanquished Creatures
  A gnoll (D:1)
  A dart slug (D:2)
  A worm (D:2)
  An orc (D:4)
  2 bats (D:1)
  3 endoplasms
  A giant cockroach (D:1)
  5 hobgoblins
  2 jackals (D:4)
  3 quokkas
  3 ball pythons
  3 goblins
  3 kobolds
  3 rats (D:1)
32 creatures vanquished.

Notes
Turn   | Place    | Note
-------+----------+-------------------------------------------
     0 | D:1      | pkoi the Troll Monk began the quest for the Orb.
     0 | D:1      | Reached XP level 1. HP: 22/22 MP: 0/0
   609 | D:1      | Reached XP level 2. HP: 29/29 MP: 1/1
   726 | D:1      | Reached skill level 4 in Unarmed Combat
  1121 | D:1      | Reached skill level 1 in Shields
  1121 | D:1      | Reached XP level 3. HP: 34/36 MP: 2/2
  1183 | D:2      | Found a faded altar of an unknown god.
  1523 | D:2      | You fall into a shaft and drop 2 floors!
  1525 | D:4      | Noticed an ogre
  1577 | D:4      | Mangled by an ogre

Illustrated notes

Levels and vault maps discovered:
D:1:      roderic_crop_circles_arrival_small, layout_basic
D:2:      layout_loops_ring, serial_aquarium, aquarium_bridge_long_joined
          [aquarium_subvault_bridge, aquarium_subvault_wall,
          aquarium_subvault_bridge, aquarium_subvault_wall,
          aquarium_subvault_wall, aquarium_subvault_wall], aquarium_window_2,
          aquarium_window_fake, aquarium_window_1, aquarium_view_2d,
          aquarium_view_2f, aquarium_balcony_3a, aquarium_pool_S,
          hellmonk_ecumenical_altar_inner_sanctum, minmay_pentomino_r2
D:4:      layout_basic, nicolae_hepliaklqana_monster_ancestors, uniq_eustachio,
          uniq_crazy_yiuf_cottage

Skill      XL: |  1  2 |
---------------+-------+-----
Unarmed Combat | 4 |  4.4
Shields        | 1 |  1.5
Fighting       | |  2.4
Dodging        | |  2.4
Stealth        | |  1.0

Action                   || total
-------------------------++-------
Melee: Unarmed           ||    60
  Use: Scroll            ||     3
 Stab: Sleeping          ||     5
Armor: Robe              ||    17
Dodge: Dodged            ||    32
